 Dungeon Crawl Stone Soup version 0.29-a0-409-gd843f3a48c (webtiles) character file.

Game seed: 16381348666169066466

46 Parzival711 the Covered (level 3, -2/33 HPs)
             Began as a Hill Orc Fighter on May 13, 2022.
             Slain by an ice beast (8 damage)
             ... on level 4 of the Dungeon.
             The game lasted 00:01:44 (1131 turns).

Parzival711 the Covered (Hill Orc Fighter)          Turns: 1131, Time: 00:01:45

Health: -2/33      AC:  8    Str: 20    XL:     3   Next: 68%
Magic:  3/3        EV:  9    Int:  8    God:
Gold:   51         SH:  4    Dex: 10    Spells: 2/2 levels left

rFire   . . .      SeeInvis .   a - +0 war axe
rCold   . . .      Faith    .   c - +0 buckler
rNeg    . . .      Spirit   .   b - +0 scale mail
rPois   .          Reflect  .   j - +0 helmet
rElec   .          Harm     .   (no cloak)
rCorr   .          Rampage  .   (no gloves)
Will    .....                   (no boots)
Stlth   ..........              (no amulet)
HPRegen 0.11/turn               (no ring)
MPRegen 0.08/turn               (no ring)

@: no status effects
A: no striking features
a: no special abilities


You were on level 4 of the Dungeon.
You visited 1 branch of the dungeon, and saw 3 of its levels.

You collected 51 gold pieces.

Inventory:

Hand Weapons
 a - a +0 war axe (weapon)
Armour
 b - a +0 scale mail (worn)
 c - a +0 buckler (worn)
 j - a +0 helmet (worn)
Jewellery
 f - a +4 ring of evasion
Scrolls
 h - a scroll of amnesia
Potions
 d - a potion of might
 e - 2 potions of haste {unknown}
 g - a potion of magic {unknown}
 i - a potion of heal wounds


   Skills:
 + Level 3.9 Fighting
 + Level 3.0 Axes
 + Level 4.0 Armour
 + Level 1.2 Dodging
 + Level 3.4 Shields


You had 2 spell levels left.
You didn't know any spells.
Your spell library was empty.

Dungeon Overview and Level Annotations

Branches:
Dungeon (2/15)

Altars:


Message History

You closely miss the hound. The hound barely misses you. The hound misses you.
The hound bites you but does no damage.
You hit the hound.
The hound is lightly wounded.
The hound barely misses you.
You hit the hound.
The hound is moderately wounded.
The hound closely misses you. The hound barely misses you.
The hound closely misses you.
You slash the hound!
You kill the hound!
Your Armour skill increases to level 4!
Your Dodging skill increases to level 1!
You have reached level 3!
Your experience leads to an increase in your attributes!
Increase (S)trength, (I)ntelligence, or (D)exterity?
You feel stronger. x2
Found a stone staircase leading up.
An ice beast comes into view.
An ice beast is nearby!
An ice beast is nearby!
The ice beast hits you but does no damage.
You see here a scroll labelled JYJ UNIUFO.
You closely miss the ice beast. The ice beast hits you.
The ice beast freezes you!
You closely miss the ice beast.
The ice beast hits you but does no damage.
The ice beast closely misses you.
You slash the ice beast!
The ice beast is moderately wounded.
The ice beast hits you. The ice beast freezes you.
You closely miss the ice beast.
The ice beast is moderately wounded.
You block the ice beast's attack.
You hit the ice beast but do no damage.
The ice beast is moderately wounded.
The ice beast hits you.
* * * LOW HITPOINT WARNING * * *
The ice beast freezes you!
You die...

...# ##.# # ..#.# .
#.#.# .##.#.# # .....# #
.### #...# # ..# #...# #
###.#<# #####...#####
###..# #.##.....@Y....#
....## ##...............
#.#..###.##...........##
#.#)..#..######...#####
#......#.# #...#
###......# #...#
####.#.### #...#
...<...# ##.## ########


You could see an ice beast.

Vanquished Creatures
  A hound (D:4)
  3 endoplasms (D:1)
  A giant cockroach (D:1)
  3 goblins (D:1)
  A hobgoblin (D:1)
  3 kobolds
  2 bats (D:1)
  A rat (D:1)
15 creatures vanquished.

Notes
Turn   | Place    | Note
-------+----------+-------------------------------------------
     0 | D:1      | Parzival711 the Hill Orc Fighter began the quest for the
                  | Orb.
     0 | D:1      | Reached XP level 1. HP: 19/19 MP: 1/1
   442 | D:1      | Reached XP level 2. HP: 14/27 MP: 2/2
  1019 | D:2      | You fall into a shaft and drop 2 floors!
  1113 | D:4      | Reached skill level 4 in Armour
  1113 | D:4      | Reached skill level 1 in Dodging
  1113 | D:4      | Reached XP level 3. HP: 33/33 MP: 3/3
  1123 | D:4      | Noticed an ice beast
  1131 | D:4      | Slain by an ice beast

Illustrated notes

Levels and vault maps discovered:
D:1:      minmay_arrival_diagonal_passages, layout_loops_corners
D:2:      layout_rooms, serial_shops, nicolae_square_shop
D:4:      layout_loops_cross, minmay_temple_entry_trees

Skill      XL: |  1  2 |
---------------+-------+-----
Axes           | 3 |  3.0
Armour         | 4 |  4.0
Dodging        | 1 |  1.2
Fighting       | |  3.9
Shields        | |  3.4

Action                   || total
-------------------------++-------
Melee: War axe           ||    46
  Use: Scroll            ||     4
       Potion            ||     1
Armor: Scale mail        ||    20
Dodge: Dodged            ||    28
Block: Buckler           ||    13

Table legend: (Time is in decaauts)
 A = Elapsed time spent in this place.
 B = Non-inter-level travel time spent in this place.
 C = Inter-level travel time spent in this place.
 D = Time resting spent in this place.
 E = Time spent auto-exploring this place.
 F = Levels seen in this place.
 G = Mean time per level.
                   A        B        C        D        E       F      G
               +--------+--------+--------+--------+--------+-----+--------+
         Total |   1148 |   1136 |     12 |      0 |    912 |   3 |  382.7 |
       Dungeon |   1148 |   1136 |     12 |      0 |    912 |   3 |  382.7 |
               +--------+--------+--------+--------+--------+-----+--------+

Top non-repeatable levels by time:
     D:1: 1031 daAuts
     D:4: 116 daAuts
